 Dungeon Crawl Stone Soup version 0.20.1-1-g8b1a95d (webtiles) character file.

95 vatarom the Distorting Demonspawn (level 4, 0/36 HPs)
             Began as a Demonspawn Abyssal Knight on Sept 25, 2017.
             Was a Believer of Lugonu.
             Slain by an adder (1 damage)
             ... on level 3 of the Dungeon.
             The game lasted 00:05:33 (2748 turns).

vatarom the Distorting Demonspawn (DsAK)            Turns: 2748, Time: 00:05:34

Health: 0/36       AC:  4    Str: 13    XL:     4   Next: 40%
Magic:  6/6        EV: 12    Int: 14    God:    Lugonu [**....]
Gold:   116        SH:  0    Dex: 12    Spells: 3/3 levels left

rFire    . . .     SeeInvis .   k - +0 mace
rCold    . . .     Gourm    .   (no shield)
rNeg     . . .     Faith    .   b - +0 leather armour
rPois    .         Spirit   .   d - +0 hat
rElec    .         Reflect  .   (no cloak)
rCorr    .         Harm     .   (no gloves)
MR       .....                  (no boots)
Stlth    +.........             (no amulet)
Regen    0.2/turn               f - ring of flight
MPRegen  0.1/turn               (no ring)

@: lethally poisoned (0 -> -6)
A: horns 1, rugged brown scales 1, powered by pain 1
a: Depart the Abyss, Bend Space, Renounce Religion, Evoke Flight


You were on level 3 of the Dungeon.
You worshipped Lugonu.
Lugonu was pleased with you.
You were not hungry.

You visited 1 branch of the dungeon, and saw 3 of its levels.
You visited the Abyss 1 time.

You collected 116 gold pieces.

Inventory:

Hand Weapons
 k - a +0 mace (weapon)
Armour
 b - a +0 leather armour (worn)
 d - a +0 hat (worn)
Jewellery
 f - a ring of flight (left hand)
Scrolls
 a - a scroll of immolation {unknown}
 e - a scroll of identify
 j - a scroll of magic mapping {unknown}
Potions
 h - a potion of curing
Comestibles
 g - a royal jelly
 i - a bread ration


   Skills:
 - Level 3.0 Fighting
   Level 2.8 Long Blades
 - Level 1.7 Armour
 * Level 2.6 Dodging
 + Level 3.4 Invocations


You had 3 spell levels left.
You didn't know any spells.

Dungeon Overview and Level Annotations

Branches:
Dungeon (3/15)

Altars:


Innate Abilities, Weirdness & Mutations

You have a pair of small horns on your head.
You are partially covered in rugged brown scales. (AC +1, +3% HP)
You sometimes gain a little power by taking damage.


Message History

The adder is heavily wounded.
You feel sick. The adder closely misses you. The adder bites you.
* * * LOW HITPOINT WARNING * * *
You are lethally poisoned!
The adder poisons you!
You hit the adder. You headbutt the adder.
The adder is severely wounded.
* * * LOW HITPOINT WARNING * * *
You feel sick. The adder misses you. x2
You miss the adder. Your headbutt misses the adder.
The adder is severely wounded.
* * * LOW HITPOINT WARNING * * *
You feel sick. The adder bites you.
* * * LOW HITPOINT WARNING * * *
The adder completely misses you.
You barely miss the adder.
The adder is severely wounded.
* * * LOW HITPOINT WARNING * * *
You feel sick. The adder bites you.
You die...

..##..# ....# #..##
###.).# #.[(#.#
###o### ..
######### #..o# ##
#.......###.######
#...........ooS@.#
#.......#...####..#
#######.#.#### #..#
#.........# #...
#.........# ####
#.........#
#.........#
#.........#
#.(...)...#


You could see an adder and 2 orcs.

Vanquished Creatures
  An orc wizard (D:3)
  An adder (D:2)
  2 worms (D:2)
  2 dart slugs (D:1)
  3 leopard geckos
  2 orcs
  4 giant cockroaches
  7 goblins
  2 hobgoblins (D:1)
  4 jackals (D:1)
  6 kobolds
  A ball python (D:2)
  5 bats
  2 frilled lizards (D:1)
  5 rats
47 creatures vanquished.

Notes
Turn   | Place    | Note
-------+----------+-------------------------------------------
     0 | Abyss:1  | vatarom the Demonspawn Abyssal Knight began the quest for the Orb.
     0 | Abyss:1  | Reached XP level 1. HP: 18/18 MP: 2/2
    32 | D:1      | Escaped the Abyss
    49 | D:1      | Reached skill level 1 in Dodging
   368 | D:1      | Gained mutation: You are partially covered in rugged brown scales. (AC +1, +3% HP) [demonic ancestry]
   368 | D:1      | Reached XP level 2. HP: 18/24 MP: 3/3
  1190 | D:1      | Gained mutation: You have a pair of small horns on your head. [demonic ancestry]
  1190 | D:1      | Reached XP level 3. HP: 22/29 MP: 5/5
  1587 | D:2      | Reached ** piety under Lugonu
  1784 | D:2      | HP: 1/29 [kobold (3)]
  2451 | D:2      | Gained mutation: You sometimes gain a little power by taking damage. [demonic ancestry]
  2451 | D:2      | Reached XP level 4. HP: 18/36 MP: 6/6
  2748 | D:3      | HP: 1/36 [poisoned by an adder]
  2748 | D:3      | Slain by an adder

Skill      XL: |  1  2  3 |
---------------+----------+-----
Dodging        | 1 2 |  2.6
Long Blades    | 2 |  2.8
Invocations    | 3 |  3.4
Fighting       | |  3.0
Armour         | |  1.7

Action                   |  1- 3 |  4- 6 || total
-------------------------+-------+-------++-------
Melee: Falchion          |   123 |       ||   123
       Headbutt          |    13 |     3 ||    16
       Mace              |       |    18 ||    18
  Use: Scroll            |     4 |       ||     4
       Potion            |     3 |       ||     3
  Eat: Chunk             |     2 |       ||     2
       Bread ration      |     1 |       ||     1
Armor: Leather armour    |    40 |     3 ||    43
Dodge: Dodged            |    95 |    15 ||   110
       Rpst.: Falchion   |    33 |       ||    33
